 Dungeon Crawl Stone Soup version 0.26-a0-1181-gd376ed14c5 (webtiles) character file.

Game seed: 11736018600842441375

1612 Arthanis the Arsonist (level 8, -5/61 HPs)
             Began as a Deep Elf Fire Elementalist on Dec 25, 2020.
             Was an Initiate of Vehumet.
             Slain by a mummy (10 damage)
             ... in an ossuary.
             The game lasted 00:13:12 (8151 turns).

Arthanis the Arsonist (Deep Elf Fire Elementalist)  Turns: 8151, Time: 00:13:13

Health: -5/61      AC: 24    Str:  5    XL:     8   Next: 63%
Magic:  1/21       EV:  2    Int: 23    God:    Vehumet [......]
Gold:   497        SH:  0    Dex: 15    Spells: 9/22 levels left

rFire    . . .     SeeInvis .   q - +4 quarterstaff (chaos)
rCold    . . .     Faith    .   (shield currently unavailable)
rNeg     + + +     Spirit   .   (armour currently unavailable)
rPois    +         Reflect  .   (helmet currently unavailable)
rElec    .         Harm     .   (cloak currently unavailable)
rCorr    +         Rampage  .   (gloves currently unavailable)
Will     .....     NoTele   +   (boots currently unavailable)
Stlth    ++........             (no amulet)
HPRegen  0.20/turn              E - +4 ring of evasion
MPRegen  0.17/turn              C - ring of resist corrosion

@: mighty, tree-form, marked
A: no striking features
a: Renounce Religion


You were in an ossuary.
You worshipped Vehumet.
Vehumet was noncommittal.
You were a tree.
You visited 2 branches of the dungeon, and saw 8 of its levels.
You also visited: Ossuary.

You collected 497 gold pieces.

Inventory:

Hand Weapons
 d - a +0 dagger
 q - a +4 quarterstaff of chaos (weapon)
 x - a +0 spear
Armour
 a - a +0 robe
 g - a +0 helmet (melded)
 r - a +1 cloak (melded)
 y - a +2 robe of fire resistance (melded)
Jewellery
 b - an uncursed ring of flight
 p - an uncursed ring of positive energy
 t - an uncursed ring of stealth
 z - an uncursed ring of stealth
 C - a ring of resist corrosion (right branch)
 E - a +4 ring of evasion (left branch)
Wands
 A - a wand of flame (24)
 F - a wand of iceblast (8)
Scrolls
 e - a scroll of blinking
 i - 6 scrolls of remove curse
 j - 4 scrolls of noise
 k - a scroll of amnesia
 l - 2 scrolls of teleportation
 s - 3 scrolls of fog
 B - a scroll of enchant weapon
Potions
 c - 3 potions of degeneration {unknown}
 f - a potion of lignification
 m - a potion of heal wounds {unknown}
 o - a potion of curing
 u - 3 potions of flight
 w - 3 potions of attraction
 D - 2 potions of mutation {unknown}


   Skills:
 - Level 2.4 Dodging
 - Level 2.4 Stealth
 + Level 7.7 Spellcasting
 + Level 6.0 Conjurations
 * Level 9.2 Fire Magic


You had 9 spell levels left.
You knew the following spells:

 Your Spells              Type           Power        Failure   Level
a - Foxfire               Conj/Fire      100%         1%          1
b - Conjure Flame         Conj/Fire      43%          1%          3
c - Sticky Flame          Conj/Fire      43%          3%          4
d - Fireball              Conj/Fire      21%          9%          5

Your spell library contained the following spells:

 Spells                   Type           Power        Failure   Level
 Inner Flame              Hex/Fire       30%          3%          3
 Animate Skeleton         Necr           16%          7%          1
 Pain                     Necr           32%          7%          1
 Vampiric Draining        Necr           4%           22%         3
 Animate Dead             Necr           4%           56%         4
 Agony                    Necr           8%           89%         5


Dungeon Overview and Level Annotations

Branches:
Dungeon (7/15)             Temple (1/1) D:6         Ossuary (1/1)

Altars:
Ashenzari
Cheibriados
Dithmenos
Elyvilon
Kikubaaqudgha
Nemelex Xobeh
Okawaru
Ru
Trog
Uskayaw
Vehumet
Wu Jian
Yredelemnul

Annotations:
D:3 2 transporters


Message History

Okay, then.
You feel better. The mummy hits you but does no damage.
The centaur zombie hits you. The mummy hits you.
You feel mightier all of a sudden.
The centaur zombie hits you but does no damage.
The mummy hits you!
* * * LOW HITPOINT WARNING * * *
You sock the centaur zombie!
You destroy the centaur zombie!
Vehumet accepts your kill. The mummy hits you!
* * * LOW HITPOINT WARNING * * *
The big kobold zombie hits you but does no damage.
Your Conjurations skill increases to level 6!
Aiming: Throw Flame
Press: ? - help, Shift-Dir - straight line, f - mummy
Aim: a mummy (15% to evade)
The puff of flame misses the mummy.
The mummy barely misses you. The mummy hits you!
You die...

.....##
^.....#
^.^^.##
.^.....#
##.....##
ZM.^...#
##MZ^^.##
#♣ZZ....#
##MZ...##
#.Z..^^.#
##...(.##
#....^..#
##^....##
#...^.#
#.....#
#§.§..#


You could see 3 mummies, a hobgoblin zombie, 2 big kobold zombies and 2 centaur
zombies.

Vanquished Creatures
  A black bear (D:6)
  A necrophage (D:5)
  An ogre (D:4)
  A centaur (D:5)
  3 bullfrogs (D:6)
  A wyvern zombie (D:6)
  A water moccasin skeleton (D:2)
  3 howler monkeys
  A bullfrog zombie (D:5)
  A centaur zombie (Ossuary)
  A hound (D:6)
  2 jellies (D:5)
  Crazy Yiuf (D:2)
  An iguana (D:4)
  Ijyb (D:4)
  4 orc wizards
  4 worker ants
  2 mummies (Ossuary)
  6 adders
  3 gnolls (D:4)
  2 shadow imps
  4 white imps
  An adder zombie (D:6)
  An adder skeleton (D:6)
  2 worms (D:4)
  A dart slug (D:1)
  6 leopard geckos
  12 orcs
  3 giant cockroaches
  11 goblins
  10 hobgoblins
  11 jackals
  2 quokkas
  3 ball pythons
  7 bats
  12 frilled lizards
  A hobgoblin zombie (Ossuary)
  9 kobolds
  A leopard gecko skeleton (D:4)
  A quokka skeleton (D:5)
  9 rats
148 creatures vanquished.

Vanquished Creatures (others)
  Sigmund (D:4)
  739 foxfires
  A fungus (D:2)
741 creatures vanquished.

Grand Total: 889 creatures vanquished

Notes
Turn   | Place    | Note
-------+----------+-------------------------------------------
     0 | D:1      | Arthanis the Deep Elf Fire Elementalist began the quest for
                  | the Orb.
     0 | D:1      | Reached XP level 1. HP: 10/10 MP: 6/6
   224 | D:1      | Reached XP level 2. HP: 15/15 MP: 0/8
  1078 | D:2      | Reached skill level 4 in Fire Magic
  1078 | D:2      | Reached XP level 3. HP: 16/19 MP: 3/10
  1082 | D:2      | Learned a level 3 spell: Conjure Flame
  1410 | D:2      | Reached XP level 4. HP: 24/24 MP: 7/11
  1446 | D:2      | Learned a level 4 spell: Sticky Flame
  1664 | D:2      | Found a faded altar of an unknown god.
  2016 | D:2      | Reached skill level 5 in Fire Magic
  2596 | D:2      | Found a runed translucent door.
  2597 | D:2      | Noticed Crazy Yiuf
  2621 | D:2      | Killed Crazy Yiuf
  2622 | D:2      | Reached XP level 5. HP: 28/28 MP: 6/13
  2850 | D:3      | Found a transporter.
  2982 | D:3      | Found a transporter.
  3073 | D:3      | Learned a level 5 spell: Fireball
  3999 | D:4      | Reached XP level 6. HP: 19/32 MP: 8/15
  4175 | D:4      | Noticed Sigmund
  4185 | D:4      | Noticed Ijyb
  4186 | D:4      | Reached skill level 5 in Spellcasting
  4188 | D:4      | Killed Sigmund
  4189 | D:4      | Reached skill level 6 in Fire Magic
  4668 | D:4      | Reached XP level 7. HP: 36/36 MP: 3/17
  5007 | D:4      | Killed Ijyb
  5008 | D:4      | Reached skill level 7 in Fire Magic
  5260 | D:4      | Found a faded altar of an unknown god.
  5260 | D:4      | Found an iron altar of Okawaru.
  5302 | D:4      | Found a bloodstained altar of Trog.
  5304 | D:4      | Found a shadowy altar of Dithmenos.
  5306 | D:4      | Found an ancient bone altar of Kikubaaqudgha.
  5554 | D:5      | Entered Level 5 of the Dungeon
  6261 | D:5      | Reached skill level 5 in Conjurations
  6492 | D:5      | Reached skill level 8 in Fire Magic
  6492 | D:5      | Reached XP level 8. HP: 37/41 MP: 14/20
  7317 | D:6      | Found a staircase to the Ecumenical Temple.
  7328 | Temple   | Entered the Ecumenical Temple
  7397 | Temple   | Became a worshipper of Vehumet
  7782 | D:6      | Reached skill level 9 in Fire Magic
  8106 | D:7      | Found a sand-covered staircase.
  8111 | Ossuary  | Entered an ossuary
  8151 | Ossuary  | Slain by a mummy

Illustrated notes

Levels and vault maps discovered:
D:1:      lightli_arrival_chessboard, layout_basic, corner_web_ring
D:2:      layout_basic, chequers_ecumenical_altar_grove, kennysheep_doodads,
          uniq_crazy_yiuf_cottage
D:3:      gammafunk_wand_slinger, layout_basic,
          minmay_fractal_squares_diagonal_5
D:4:      layout_loops_ring, chequers_temple_overflow_minitemple, uniq_ijyb,
          uniq_sigmund
D:5:      layout_basic
D:6:      layout_basic, minmay_temple_entry_statues_fountains
D:7:      cheibrodos_iron_armory, layout_loops_ring, enter_ossuary_2,
          uniq_duvessa
Temple:   dpeg_five_rooms_temple
Ossuary:  ossuary_the_hunt_dpeg

Skill      XL: |  1  2  3  4  5  6  7  8 |
---------------+-------------------------+-----
Conjurations   | 2 3 4 5 6 |  6.0
Fire Magic     | 4 5 6 8 9 |  9.2
Spellcasting   | 4 5 6 7 |  7.7
Dodging        | |  2.4
Stealth        | |  2.4

Action                   |  1- 3 |  4- 6 |  7- 9 || total
-------------------------+-------+-------+-------++-------
Melee: Dagger            |       |     4 |       ||     4
       Quarterstaff      |       |     8 |     3 ||    11
 Cast: Foxfire           |    84 |   196 |   218 ||   498
       Sticky Flame      |       |       |     1 ||     1
Evoke: Wand              |       |       |     1 ||     1
  Use: Scroll            |       |       |    13 ||    13
       Potion            |       |       |     5 ||     5
Armor: Robe              |     6 |    14 |     8 ||    28
       Skin              |       |       |    27 ||    27
Dodge: Dodged            |    13 |    22 |    38 ||    73

Table legend: (Time is in decaauts)
 A = Elapsed time spent in this place.
 B = Non-inter-level travel time spent in this place.
 C = Inter-level travel time spent in this place.
 D = Time resting spent in this place.
 E = Time spent auto-exploring this place.
 F = Levels seen in this place.
 G = Mean time per level.
                   A        B        C        D        E       F      G
               +--------+--------+--------+--------+--------+-----+--------+
         Total |   8147 |   7858 |    289 |    192 |   6577 |   9 |  905.2 |
       Dungeon |   7985 |   7747 |    238 |    192 |   6521 |   7 | 1140.7 |
        Temple |    121 |     70 |     51 |      0 |     56 |   1 |  121.0 |
       Ossuary |     40 |     40 |      0 |      0 |      0 |   1 |   40.0 |
               +--------+--------+--------+--------+--------+-----+--------+

Top non-repeatable levels by time:
     D:2: 1598 daAuts
     D:3: 1563 daAuts
     D:4: 1323 daAuts
     D:5: 1219 daAuts
     D:6: 1153 daAuts
     D:1: 1067 daAuts
  Temple: 121 daAuts
     D:7: 60 daAuts
 Ossuary: 40 daAuts
